 Dungeon Crawl Stone Soup version 0.32-a0-913-g739538afd8 (webtiles) character file.

Game seed: 8919323799849396143

33075 Cobbler the Severer (level 13, -6/108 HPs)
             Began as a Coglin Berserker on Apr 2, 2024.
             Was a High Priest of Trog.
             Killed from afar by a will-o-the-wisp (23 damage)
             ... with a foxfire
             ... on level 1 of the Swamp on Apr 8, 2024.
             The game lasted 02:33:01 (14090 turns).

Cobbler the Severer (Coglin Berserker)             Turns: 14090, Time: 02:33:02

Health: -6/108     AC: 24    Str: 25    XL:     13   Next: 68%
Magic:  13/13      EV:  9    Int:  9    God:    Trog [*****.]
Gold:   747        SH:  0    Dex: 17    Spells: 12/12 levels left

rFire   . . .        d - +1 hand axe (freeze) {Minjee}
rCold   . . .        n - +2 hand axe (flame) {Rabi}
rNeg    + . .        h - +1 plate armour of Restlessness {Str+3 Int+3 SInv Stlth+}
rPois   .            l - +2 helmet
rElec   .            j - +1 cloak "Soacusen" {rN+}
rCorr   .            W - +2 pair of gloves
SInv    +            D - +2 pair of boots
Will    .....        (amulet unavailable) Stlth
                     (ring unavailable)
HPRegen 0.38/turn    (ring unavailable)
MPRegen 0.13/turn    (no gizmo)

%: no passive effects
@: corroded, studying Armour, revved
A: off-hand wielding, slow wielding, warmup strikes, no jewellery, iridescent
scales 1, strong 1
a: Invent Gizmo, Renounce Religion, Berserk, Trog's Hand, Brothers in Arms


You were on level 1 of the Swamp.
You worshipped Trog.
Trog was extremely pleased with you.
You visited 4 branches of the dungeon, and saw 14 of its levels.
You also visited: Sewer and Bailey.

You collected 747 gold pieces.

Inventory:

Hand Weapons
 d - a +1 hand axe of freezing (weapon) {Minjee}
 n - a +2 hand axe of flaming (offhand) {Rabi}
 H - a +2 heavy hand axe {Paramjit}
 L - the +3 whip "Beetlebane" {flame, Will+}
   (You found it on level 6 of the Dungeon)

   Will+:     It increases your willpower.
 U - a -2 demon whip of venom {Fubuki}
Armour
 h - the +1 plate armour of Restlessness (worn) {Str+3 Int+3 SInv Stlth+}
   (You found it on level 10 of the Dungeon)

   Str+3:     It affects your strength (+3).
   Int+3:     It affects your intelligence (+3).
   SInv:      It lets you see invisible.
   Stlth+:    It makes you more stealthy.
 j - the +1 cloak "Soacusen" (worn) {rN+}
   (You acquired it in a bailey)

   rN+:       It protects you from negative energy.
 l - a +2 helmet (worn)
 p - +0 steam dragon scales
 D - a +2 pair of boots (worn)
 K - a +2 chain mail of cold resistance
 P - a +0 helmet
 R - a +0 robe of positive energy
 W - a +2 pair of gloves (worn)
Jewellery
 w - an amulet of the acrobat
Talismans
 a - a granite talisman
 u - a blade talisman
Wands
 e - a wand of charming (33)
 J - a wand of polymorph (7)
 T - a wand of iceblast (9)
 Y - a wand of quicksilver (8)
Scrolls
 g - a scroll of vulnerability
 i - 2 scrolls of fog
 k - a scroll of blinking
 m - 4 scrolls of teleportation
 r - 5 scrolls of noise
 t - 3 scrolls of fear
 y - a scroll of enchant armour
 B - a scroll of torment {unknown}
 C - 3 scrolls of immolation
 F - a scroll of brand weapon {unknown}
 G - a scroll of butterflies {unknown}
 N - a scroll of poison {unknown}
 S - 2 scrolls of revelation {unknown}
 X - a scroll of amnesia {unknown}
 Z - a scroll of enchant weapon {unknown}
Potions
 b - 4 potions of mutation
 c - 2 potions of might {unknown}
 f - 3 potions of cancellation
 o - a potion of resistance {unknown}
 q - 4 potions of magic
 v - 3 potions of brilliance {unknown}
 x - 3 potions of attraction
 z - a potion of ambrosia {unknown}
 A - 2 potions of invisibility {unknown}
 E - a potion of berserk rage {unknown}
 I - a potion of curing {unknown}
 M - a potion of degeneration {unknown}
 O - 2 potions of enlightenment
 Q - a potion of haste {unknown}
Miscellaneous
 s - a phial of floods


   Skills:
 + Level 12.0 Fighting
 + Level 15.2(15.4) Axes
 + Level 3.1(9.7) Maces & Flails
 + Level 12.8 Armour
 + Level 5.7 Dodging
 + Level 1.8 Stealth
 + Level 0.7 Evocations


You had 12 spell levels left.
You didn't know any spells.
Your spell library contained the following spells:

 Spells                   Type           Power      Damage    Failure   Level
 Magic Dart               Conj           0%         1d3       98%         1
 Blink                    Tloc           0%         N/A       99%         2
 Call Imp                 Summ           0%         N/A       99%         2


Dungeon Overview and Level Annotations

Branches:
Dungeon (10/15)            Temple (1/1) D:5            Lair (2/5) D:10
  Swamp (1/4) Lair:2       Spider (0/4) Lair:2        Sewer (visited)
 Bailey (visited)
    Orc: D:9-12

Altars:
Ashenzari
Cheibriados
Dithmenos
Elyvilon
Fedhas
Gozag
Hepliaklqana
Kikubaaqudgha
Makhleb
Nemelex Xobeh
Okawaru
Qazlal
Ru
Sif Muna
Trog
Uskayaw
Vehumet
Wu Jian
Xom
Yredelemnul
Zin
The Shining One

Shops:
D:1 !   D:9 =


Innate Abilities, Weirdness & Mutations

You can wield a second weapon in your off-hand.
It takes a long time for you to wield or remove held weapons.
Your first few attacks do less damage.
You cannot equip rings or amulets.
You are partially covered in iridescent scales. (AC +2)
Your muscles are strong. (Str +4, Int/Dex -1)


Message History

You burn the goliath frog. The goliath frog misses you.
The will-o-the-wisp gestures.
The will-o-the-wisp conjures some marshlight! 2 foxfires come into view.
You miss the goliath frog with your +2 hand axe of flaming.
The goliath frog is almost dead.
You hit the goliath frog with your +1 hand axe of freezing.
You freeze the goliath frog.
A tyrant leech comes into view.
The foxfire hits you.
The foxfire moves out of view.
You hit the goliath frog but do no damage.
The goliath frog is almost dead.
You miss the goliath frog with your +1 hand axe of freezing.
The goliath frog is no longer moving slowly.
You hit the goliath frog but do no damage.
The goliath frog is almost dead.
You hit the will-o-the-wisp but do no damage.
You hit the goliath frog but do no damage.
You hit the will-o-the-wisp with your +1 hand axe of freezing.
The foxfire hits you!! The goliath frog hits you.
You are splashed with acid!
You hit the goliath frog with your +1 hand axe of freezing.
The goliath frog seems to slow down.
You freeze the goliath frog.
You kill the goliath frog!
Trog accepts your kill.
You hit the will-o-the-wisp but do no damage. x2
The will-o-the-wisp engulfs you!
* * * LOW HITPOINT WARNING * * *
You hit the will-o-the-wisp with your +1 hand axe of freezing.
The will-o-the-wisp is lightly damaged.
You closely miss the will-o-the-wisp with your +2 hand axe of flaming.
The will-o-the-wisp engulfs you!
* * * LOW HITPOINT WARNING * * *
You hit the will-o-the-wisp with your +1 hand axe of freezing.
The will-o-the-wisp is lightly damaged.
You hit the will-o-the-wisp but do no damage.
The will-o-the-wisp gestures.
The will-o-the-wisp conjures some marshlight! 2 foxfires come into view.
The foxfire hits you!!
You die...

♣♣♣♣♣♣ ♣♣♣
.....~♣♣♣♣♣..♣♣~.
~~~...~...~..~♣~.
~~§~(...~~.......
♣.~..~~~~....~~~~
♣~...~~~~.....~~~
♣.....@v..~.....
♣♣~.~~~.v§v♣....
♣...~§~..§~♣ .
♣♣....~~...w.♣ ~
.....~~~~..~...♣ ..
...~~~~~~.~..~[♣.~§
..~~~~~~§...~~.~.~~~~~
.~~~~~~~~...~§...~~~~~
....~~.~§~~.~~~..~~~..


You could see a tyrant leech and a will-o-the-wisp.

Vanquished Creatures
  Frances (Swamp:1)
  An orc warlord (Bailey)
  A bunyip (Lair:2)
  4 hydras
  A rakshasa (D:9)
  4 alligators (Swamp:1)
  A catoblepas (Lair:2)
  5 two-headed ogres
  A boulder beetle (Lair:1)
  The ghost of ratmeat3 the Martial Artist, a novice OpFi of Gozag (D:6)
  Amaemon (D:8)
  A goliath frog (Swamp:1)
  A bog body (Swamp:1)
  Maurice (D:8)
  Joseph (D:9)
  An orange demon (D:8)
  3 cane toads (Lair:2)
  Maggie (D:8)
  A rime drake (Lair:2)
  Psyche (D:9)
  A kobold demonologist (D:6)
  2 komodo dragons
  A hornet (D:8)
  4 tyrant leeches
  3 blink frogs (Lair:1)
  3 jumping spiders (Lair:2)
  2 vampires
  3 culicivoras (Lair:2)
  17 yaks
  A spriggan (Lair:1)
  2 wyverns
  2 basilisks
  A steam dragon (D:9)
  A vampire mosquito (D:9)
  3 redbacks (Lair:2)
  4 swamp worms
  8 water moccasins
  An acid dragon (D:10)
  Duvessa (D:7)
  6 ice beasts
  A sky beast (D:7)
  14 orc warriors
  3 black bears (D:10)
  3 wolves (Lair:1)
  6 centaurs
  13 kobold brigands
  2 phantoms (D:5)
  12 bullfrogs
  7 scorpions
  A gnoll sergeant (D:10)
  Dowan (D:7)
  7 wights (D:9)
  8 killer bees (D:9)
  A howler monkey (D:9)
  3 crimson imps (D:9)
  5 hounds
  2 bombardier beetles (D:4)
  A gnoll bouda (D:6)
  4 orc priests
  3 jellies (D:4)
  2 iguanas
  A sleepcap (D:7)
  8 orc wizards
  A bullfrog simulacrum (D:6)
  A centaur simulacrum (D:6)
  Robin (D:2)
  12 gnolls
  9 adders
  9 white imps
  6 ribbon worms
  43 orcs
  3 bats
  14 endoplasms
  3 giant cockroaches
  27 goblins
  18 hobgoblins
  2 jackals (D:3)
  7 quokkas
  11 ball pythons
  10 frilled lizards
  28 kobolds
  16 rats
427 creatures vanquished.

Vanquished Creatures (others)
  A bloated husk (Swamp:1)
  An orc wizard (D:8)
  An orc (D:8)
  2 foxfires (Swamp:1)
5 creatures vanquished.

Grand Total: 432 creatures vanquished

Notes
Turn   | Place    | Note
-------+----------+-------------------------------------------
     0 | D:1      | Cobbler the Coglin Berserker began the quest for the Orb.
     0 | D:1      | Reached XP level 1. HP: 18/18 MP: 1/1
   160 | D:1      | Found Dibaer's Distillery.
   177 | D:1      | Reached XP level 2. HP: 21/24 MP: 2/2
   474 | D:1      | Reached XP level 3. HP: 23/29 MP: 3/3
   573 | D:1      | Reached ** piety under Trog
   846 | D:2      | Reached XP level 4. HP: 35/35 MP: 4/4
   928 | D:2      | Noticed Robin
   936 | D:2      | Killed Robin
   937 | D:2      | Reached skill level 4 in Axes
  1013 | D:2      | Upgraded the game from 0.32-a0-886-g41c5271027 to
                  | 0.32-a0-893-gf85d74f360
  1123 | D:2      | Found a snail-covered altar of Cheibriados.
  1588 | D:3      | Found a bloodstained altar of Trog.
  1639 | D:3      | Reached XP level 5. HP: 41/41 MP: 5/5
  1769 | D:3      | Reached *** piety under Trog
  1985 | D:3      | Found a faded altar of an unknown god.
  2433 | D:4      | Reached skill level 5 in Axes
  2440 | D:4      | Reached XP level 6. HP: 24/48 MP: 6/6
  2498 | D:4      | Upgraded the game from 0.32-a0-893-gf85d74f360 to
                  | 0.32-a0-900-g30fb1b0edc
  2619 | D:4      | Reached skill level 6 in Axes
  2630 | D:4      | Gained mutation: Your muscles are strong. (Str +4, Int/Dex
                  | -1) [potion of mutation]
  2630 | D:4      | Gained mutation: You are partially covered in iridescent
                  | scales. (AC +2) [potion of mutation]
  2714 | D:4      | Found a radiant altar of Vehumet.
  2783 | D:4      | Reached XP level 7. HP: 24/54 MP: 7/7
  3136 | D:5      | Entered Level 5 of the Dungeon
  3147 | D:5      | Found a staircase to the Ecumenical Temple.
  3158 | Temple   | Entered the Ecumenical Temple
  3228 | Temple   | Upgraded the game from 0.32-a0-900-g30fb1b0edc to
                  | 0.32-a0-909-gc671339a80
  3552 | D:5      | Reached skill level 7 in Axes
  3585 | D:5      | Reached XP level 8. HP: 50/61 MP: 8/8
  3713 | D:5      | Found a burning altar of Makhleb.
  4305 | D:6      | Noticed a kobold demonologist
  4317 | D:6      | Reached skill level 8 in Axes
  4319 | D:6      | Reached skill level 5 in Fighting
  4330 | D:6      | Noticed a sun demon
  4330 | D:6      | Killed a kobold demonologist
  4330 | D:6      | Reached **** piety under Trog
  4518 | D:6      | Found a runed translucent gate.
  4520 | D:6      | Found a runed translucent gate.
  4521 | D:6      | Found a runed translucent gate.
  4527 | D:6      | Reached skill level 9 in Axes
  4527 | D:6      | Reached XP level 9. HP: 65/68 MP: 9/9
  4553 | D:6      | Reached skill level 1 in Stealth
  4582 | D:6      | Noticed ratmeat3's ghost (novice OpFi)
  4869 | D:6      | Found a glowing drain.
  4876 | Sewer    | Entered a sewer
  5063 | Sewer    | Upgraded the game from 0.32-a0-909-gc671339a80 to
                  | 0.32-a0-913-g739538afd8
  5611 | D:6      | Identified the +3 whip "Beetlebane" {flame, Will+}
  5685 | D:6      | Identified the staff of Res Judicata {rN+ Dex+5 Necro}
  5797 | D:6      | Reached skill level 10 in Axes
  5802 | D:6      | Killed ratmeat3's ghost
  5803 | D:6      | Reached skill level 5 in Armour
  5833 | D:6      | Reached XP level 10. HP: 42/76 MP: 10/10
  5962 | D:7      | Reached skill level 11 in Axes
  6026 | D:7      | Noticed Duvessa
  6028 | D:7      | Noticed Dowan
  6038 | D:7      | Killed Duvessa
  6050 | D:7      | Killed Dowan
  6608 | D:8      | Noticed Maggie
  6615 | D:8      | Noticed an orange demon
  6619 | D:8      | Killed Maggie
  6629 | D:8      | Noticed Amaemon
  6863 | D:8      | Killed an orange demon
  6867 | D:8      | Killed Amaemon
  6905 | D:8      | Noticed Maurice
  6913 | D:8      | Maurice stole the staff of Res Judicata {rN+ Dex+5 Necro}
  6921 | D:8      | Something stole a blade talisman
  6922 | D:8      | Something stole a ring of fire
  6931 | D:8      | Something stole an orb of energy
  6934 | D:8      | Something stole 307 gold
  6937 | D:8      | Killed Maurice
  6938 | D:8      | Reached skill level 12 in Axes
  7026 | D:8      | Found a flagged portal.
  7041 | Bailey   | Entered a bailey
  7332 | Bailey   | Reached ***** piety under Trog
  7381 | Bailey   | Noticed an orc warlord
  7455 | Bailey   | Killed an orc warlord
  7456 | Bailey   | Reached XP level 11. HP: 9/85 MP: 11/11
  7593 | Bailey   | Acquired a manual of Armour
  7595 | Bailey   | Acquired the +1 cloak "Soacusen" {rN+}
  7807 | D:8      | Paralysed by a hornet for 2 turns
  8274 | D:9      | Noticed Joseph
  8290 | D:9      | Killed Joseph
  8350 | D:9      | Found a snail-covered altar of Cheibriados.
  8466 | D:9      | Found Milaroa's Jewellery Boutique.
  8667 | D:9      | Reached skill level 13 in Axes
  8672 | D:9      | Noticed a two-headed ogre
  8673 | D:9      | Reached skill level 5 in Dodging
  8679 | D:9      | Killed a two-headed ogre
  8758 | D:9      | Noticed a two-headed ogre
  8764 | D:9      | Killed a two-headed ogre
  8810 | D:9      | Noticed a rakshasa
  8826 | D:9      | Killed a rakshasa
  9359 | D:9      | Noticed Psyche
  9362 | D:9      | Killed Psyche
  9363 | D:9      | Reached XP level 12. HP: 94/94 MP: 12/12
  9605 | D:10     | Entered Level 10 of the Dungeon
  9605 | D:10     | Noticed a two-headed ogre
  9611 | D:10     | Killed a two-headed ogre
  9664 | D:10     | Identified the +1 plate armour of Restlessness {Str+3 Int+3
                  | SInv Stlth+}
  9708 | D:10     | Noticed a two-headed ogre
  9717 | D:10     | Killed a two-headed ogre
  9718 | D:10     | Reached skill level 14 in Axes
  9738 | D:10     | Found a staircase to the Lair.
  9766 | D:10     | Reached skill level 1 in Maces & Flails
  9860 | D:10     | Received a gift from Trog
 10004 | D:10     | Found a hazy altar of Hepliaklqana.
 10159 | D:10     | Noticed a two-headed ogre
 10170 | D:10     | Killed a two-headed ogre
 10356 | D:10     | Found a shimmering blue altar of Sif Muna.
 10678 | Lair:1   | Entered Level 1 of the Lair of Beasts
 10728 | Lair:1   | Reached skill level 10 in Armour
 10977 | Lair:1   | Noticed a seven-headed hydra
 10987 | Lair:1   | Reached skill level 10 in Fighting
 10996 | Lair:1   | Killed an eight-headed hydra
 11586 | Lair:1   | Noticed a boulder beetle
 11619 | Lair:1   | Killed a boulder beetle
 12015 | Lair:2   | Found a staircase to the Swamp.
 12159 | Lair:2   | Reached XP level 13. HP: 81/105 MP: 13/13
 12169 | Lair:2   | Received a gift from Trog
 12466 | Lair:2   | Found a hole to the Spider Nest.
 13197 | Swamp:1  | Entered Level 1 of the Swamp
 13218 | Swamp:1  | Noticed a bunyip
 13269 | Lair:2   | Killed a bunyip
 13427 | Swamp:1  | Reached skill level 15 in Axes
 13756 | Swamp:1  | Noticed a ghoul
 13769 | Swamp:1  | Noticed Frances
 13788 | Swamp:1  | Killed Frances
 14066 | Swamp:1  | Identified the +3 plate armour "Jithy" {rC++}
 14090 | Swamp:1  | Killed from afar by a will-o-the-wisp

Illustrated notes

Levels and vault maps discovered:
D:1:      giann_forest_graveyard, layout_basic, serial_shops, shop
D:2:      layout_loops_cross, basic_altar, uniq_robin
D:3:      layout_basic, marbit_many_paths, shapermc_ecumenical_altar_notcrosses
D:4:      layout_gridville, mainiacjoe_overflow_alcove_2, minmay_starry_boxes
D:5:      layout_loops_corners, makhleb_heckhound_becter,
          minmay_temple_entry_glassed_door, minmay_misc_feat_rows
D:6:      layout_rooms, gammafunk_ghost_icy,
          mainiacjoe_sewer_entry_somewhere_in_here_2
D:7:      layout_loops_ring, uniq_duvessa
D:8:      layout_loops_ring, enter_bailey_3, uniq_maggie, uniq_maurice,
          uniq_amaemon
D:9:      nzn_winding_woodlands_medium [nzn_winding_woodlands_5x5_closed_star,
          nzn_winding_woodlands_5x15_zeroes, nzn_winding_woodlands_5x5_cross,
          nzn_winding_woodlands_5x5_three,
          nzn_winding_woodlands_center_diamonds,
          nzn_winding_woodlands_5x5_perimeter,
          nzn_winding_woodlands_5x5_open_star,
          nzn_winding_woodlands_5x15_river_crossing,
          nzn_winding_woodlands_5x5_default], layout_loops_cross,
          lemuel_tele_altar, serial_shops, shop, minmay_fire_ice_demons,
          uniq_joseph, uniq_psyche
D:10:     layout_loops_cross, kennysheep_orc_sif_temple,
          nicolae_hepliaklqana_hippocampus, due_lair_maze_entry_diamond
Temple:   minmay_temple_bridge_d
Lair:1:   layout_gridlike, grunt_forest_large_clearing_hut
Lair:2:   layout_small_grid, minmay_swamp_entry_worms,
          nicolae_spider_entry_tight_spaces, grunt_megastairs_5
Swamp:1:  layout_basic_swamp, gammafunk_ghost_split, evilmike_swamp_ruin_wall,
          uniq_kirke, uniq_frances

Skill      XL: |  1  2  3  4  5  6  7  8  9 10 11 12 13 |
---------------+----------------------------------------+-----
Dodging        | 2 3 4 5 |  5.7
Axes           | 4 5 6 7 9 10 12 13 14 15 | 15.2
Armour         | 2 3 4 5 7 9 11 12 | 12.8
Fighting       | 4 5 6 7 8 10 12 | 12.0
Stealth        | 1 |  1.8
Maces & Flails | 3 |  3.1
Evocations     | |  0.7

Action                     |  1- 3 |  4- 6 |  7- 9 | 10-12 | 13-15 || total
---------------------------+-------+-------+-------+-------+-------++-------
  Melee: Hand axe          |    98 |   211 |   450 |   977 |   376 ||  2112
         Whip              |       |       |       |    76 |       ||    76
         Demon whip        |       |       |       |    74 |       ||    74
 Invoke: Berserk           |     2 |     1 |     2 |     4 |     1 ||    10
         Trog's Hand       |       |     2 |       |     1 |     1 ||     4
  Evoke: Wand              |       |       |     2 |     1 |     1 ||     4
    Use: Potion            |       |     1 |     2 |     3 |     1 ||     7
         Scroll            |       |     1 |       |    20 |     2 ||    23
   Stab: Fleeing           |       |       |       |     1 |       ||     1
         Distracted        |       |       |       |     1 |       ||     1
 Armour: Animal skin       |     6 |       |       |       |       ||     6
         Ring mail         |    24 |    78 |   167 |    17 |       ||   286
         Chain mail        |       |       |       |   234 |       ||   234
         Plate armour      |       |       |       |   197 |   233 ||   430
  Dodge: Dodged            |    27 |    55 |   133 |   236 |    81 ||   532

Table legend: (Time is in decaauts)
 A = Elapsed time spent in this place.
 B = Non-inter-level travel time spent in this place.
 C = Inter-level travel time spent in this place.
 D = Time resting spent in this place.
 E = Time spent auto-exploring this place.
 F = Levels seen in this place.
 G = Mean time per level.
                   A        B        C        D        E       F      G
               +--------+--------+--------+--------+--------+-----+--------+
         Total |  14198 |  13015 |   1183 |   1181 |   4499 |  16 |  887.4 |
       Dungeon |   9197 |   8476 |    721 |    374 |   2901 |  10 |  919.7 |
        Temple |    138 |     19 |    119 |      0 |      0 |   1 |  138.0 |
          Lair |   2861 |   2556 |    305 |    372 |   1509 |   2 | 1430.5 |
         Swamp |    449 |    412 |     37 |    231 |      0 |   1 |  449.0 |
         Sewer |    886 |    886 |      0 |      0 |     88 |   1 |  886.0 |
        Bailey |    665 |    665 |      0 |    203 |      0 |   1 |  665.0 |
               +--------+--------+--------+--------+--------+-----+--------+

Top non-repeatable levels by time:
  Lair:2: 1576 daAuts
     D:9: 1301 daAuts
  Lair:1: 1285 daAuts
    D:10: 1031 daAuts
     D:6: 1005 daAuts
     D:5: 999 daAuts
     D:4: 893 daAuts
   Sewer: 886 daAuts
     D:7: 851 daAuts
     D:8: 821 daAuts
     D:3: 814 daAuts
     D:1: 772 daAuts
     D:2: 707 daAuts
  Bailey: 665 daAuts
 Swamp:1: 449 daAuts
